Map: Catalyst LE

Players

Maelthor - Winner!

  • Race: Terran Terran
  • Spawn Location: 5:00

A.I. 2 (Very Hard)

  • Race: Zerg Zerg
  • Spawn Location: 11:00

VOD

Have the link to the VOD?

Description

Time

  • Played on: Nov. 28, 2017, 4:25 p.m.
  • Length: 14:21
Show
View Real Time Build Order
Export as new Build Order

Maelthor Terran - Winner!

Build Orders: MMM Bio 

Get SALT Encoding   

  12  0:01  SCV  
  13  0:13  SCV  
  14  0:18  Supply Depot  
  14  0:25  SCV  
  15  0:39  SCV  
  15  0:42  Barracks  
  16  0:47  Refinery  
  16  0:51  SCV  
  17  1:03  SCV  
  18  1:15  SCV  
  19  1:22  Refinery  
  20  1:34  Marine  
  20  1:36  Orbital Command  
  20  1:49  Factory  
  20  2:02  SCV  
  20  2:05  Barracks Reactor  
  21  2:14  SCV  
  22  2:19  Supply Depot  
  22  2:32  SCV  
  22  2:35  Command Center  
  23  2:46  Supply Depot  
  23  2:47  SCV  
  24  2:52  Hellion  
  24  2:56  Hellion  
  28  3:02  SCV  
  29  3:11  Barracks Tech Lab, Supply Depot  
  29  3:14  SCV  
  30  3:22  Hellion  
  30  3:26  SCV, Hellion  
  35  3:38  SCV  
  36  3:41  Starport  
  36  3:43  Hellion  
  38  3:48  Orbital Command  
  38  3:53  SCV  
  38  3:55  Marine  
  40  4:05  SCV  
  40  4:06  Hellion, Liberator  
  41  4:13  Marine  
  41  4:14  SCV  
  43  4:17  SCV  
  43  4:19  Bunker  
  47  4:26  SCV  
  47  4:29  SCV  
  49  4:35  Marauder  
  49  4:38  SCV  
  52  4:41  SCV  
  53  4:50  SCV  
  54  4:53  SCV  
  54  4:56  Marauder  
  57  5:02  SCV  
  57  5:04  Barracks  
  57  5:06  SCV  
  57  5:17  Marine  
  56  5:23  SCV x2  
  58  5:35  Marine  
  59  5:43  SCV x2  
  61  5:53  Supply Depot  
  61  5:55  Supply Depot  
  61  5:56  Supply Depot  
  61  6:00  Barracks  
  61  6:01  Barracks Reactor, Barracks  
  61  6:04  SCV  
  61  6:06  Barracks  
  61  6:09  Engineering Bay  
  61  6:11  Engineering Bay  
  62  6:12  Factory Tech Lab  
  62  6:15  SCV, Medivac x2  
  62  6:16  SCV  
  68  6:24  Stimpack  
  68  6:27  SCV  
  68  6:31  SCV  
  70  6:39  SCV  
  71  6:41  Supply Depot  
  71  6:42  Supply Depot  
  71  6:43  Supply Depot  
  71  6:44  SCV  
  72  6:47  Supply Depot  
  72  6:51  SCV  
  72  6:52  Medivac  
  72  6:53  Medivac  
  77  6:55  Marine x3, Marauder  
  82  7:02  Command Center  
  82  7:08  Barracks Tech Lab, Barracks Reactor  
  80  7:13  SCV x2  
  82  7:16  Marauder  
  82  7:18  Refinery  
  82  7:21  Terran Infantry Armor Level 1, Terran Infantry Weapons Level 1  
  84  7:25  SCV x2  
  84  7:26  Barracks Reactor  
  86  7:31  Marine x3  
  89  7:37  Marine  
  89  7:41  SCV x2  
  92  7:46  Marine  
  92  7:47  Marine  
  92  7:48  Marine, Refinery  
  92  7:49  Marauder  
  97  7:54  SCV x2  
  97  7:56  Marauder  
  101  7:59  Marine  
  101  8:04  Marine  
  103  8:06  SCV x2  
  103  8:09  Marine x4  
  103  8:10  Medivac x2  
  103  8:11  Marauder  
  115  8:17  Marine, Marauder  
  115  8:19  SCV  
  120  8:20  SCV  
  120  8:22  Marine, Orbital Command  
  120  8:26  Refinery  
  121  8:30  Marine x4  
  121  8:32  SCV x2, Marauder  
  129  8:34  Combat Shields  
  129  8:35  Marine  
  129  8:38  Marauder  
  129  8:43  Armory  
  129  8:44  SCV x2  
  129  8:46  Marine  
  129  8:48  Marine  
  133  9:01  Supply Depot  
  133  9:03  Supply Depot  
  133  9:05  Supply Depot  
  133  9:07  Supply Depot  
  133  9:22  SCV, Marine x3  
  133  9:23  Marauder x2  
  141  9:25  SCV x2, Marine x2  
  141  9:28  Marine  
  141  9:31  Terran Infantry Armor Level 2, Terran Infantry Weapons Level 2  
  146  9:34  SCV  
  146  9:37  SCV x2  
  149  9:40  Marine  
  149  9:43  Refinery  
  149  9:44  Marauder x2  
  154  9:50  Marine x4  
  154  9:51  SCV x2  
  154  9:52  SCV  
  161  9:58  Supply Depot  
  149  10:00  Supply Depot  
  149  10:02  Supply Depot  
  149  10:04  Marine x2  
  149  10:05  Marauder x2  
  132  10:07  Marine  
  132  10:08  Marine x2  
  132  10:10  Marine  
  135  10:21  Marine  
  135  10:22  Marine, Barracks  
  135  10:24  Barracks  
  135  10:27  Barracks, Marauder  
  139  10:28  Barracks  
  138  10:38  Marine, Marauder  
  138  10:39  Marine x4  
  145  10:44  SCV x2  
  145  10:48  Marauder  
  150  11:00  Marauder  
  150  11:03  Command Center  
  150  11:06  SCV  
  148  11:13  Marine x5, Marauder  
  148  11:14  Marine  
  156  11:21  Marauder  
  156  11:34  Marine  
  156  11:35  Marine x4, Marauder  
  156  11:39  Barracks Reactor x2  
  163  11:40  Barracks Tech Lab x2  
  163  11:56  Medivac x2  
  163  11:57  Marine  
  163  11:58  Marine x7, Marauder x2  
  179  12:15  Marine  
  179  12:20  Marine  
  179  12:21  Marine x8, Marauder x2  
  179  12:22  Marine  
  193  12:23  Marauder  
  193  12:26  Medivac x2  
  199  12:33  Marine  
  199  12:35  Planetary Fortress  
  198  12:54  Unknown  
  198  12:56  Medivac  
Show
View Real Time Build Order
Export as new Build Order

A.I. 2 (Very Hard) Zerg 

Build Orders: Pool First 

Get SALT Encoding   

  12  0:00  Drone  
  13  0:12  Overlord  
  13  0:16  Drone  
  14  0:31  Drone x2  
  16  0:42  Spawning Pool  
  16  0:45  Drone  
  16  0:50  Drone  
  17  1:14  Hatchery  
  17  1:15  Drone  
  17  1:17  Extractor  
  16  1:20  Drone  
  16  1:24  Drone  
  18  1:28  Drone  
  19  1:38  Overlord  
  19  1:49  Drone  
  19  1:51  Queen  
  22  2:00  Zergling x2  
  23  2:11  Drone  
  24  2:21  Drone  
  25  2:26  Queen  
  25  2:27  Roach Warren  
  25  2:28  Extractor  
  25  2:32  Drone  
  26  2:38  Drone  
  26  2:44  Overlord  
  27  2:47  Drone  
  27  2:50  Drone  
  29  2:54  Drone  
  29  2:57  Drone  
  31  3:01  Drone  
  31  3:03  Zergling x2  
  33  3:07  Zergling x2  
  33  3:12  Roach  
  36  3:16  Roach  
  36  3:19  Roach  
  40  3:23  Roach  
  40  3:26  Drone  
  43  3:30  Drone  
  44  3:34  Overlord  
  44  3:41  Lair  
  44  3:45  Metabolic Boost  
  44  3:52  Drone  
  44  3:53  Drone  
  47  3:55  Drone  
  47  3:57  Drone  
  47  4:00  Drone  
  47  4:02  Drone  
  50  4:05  Drone  
  50  4:07  Zergling x2  
  50  4:09  Zergling x2  
  51  4:14  Overlord  
  51  4:15  Drone  
  52  4:21  Evolution Chamber  
  52  4:22  Drone  
  52  4:25  Evolution Chamber  
  52  4:26  Drone  
  52  4:32  Drone x2  
  52  4:35  Drone  
  52  4:38  Drone  
  56  4:40  Drone  
  56  4:41  Drone  
  56  4:42  Infestation Pit  
  56  4:43  Drone  
  58  4:47  Zerg Missile Weapons Level 1  
  58  4:53  Zerg Ground Armor Level 1  
  58  4:55  Overlord  
  58  4:59  Overlord  
  58  5:00  Drone  
  58  5:04  Roach  
  57  5:07  Roach  
  50  5:16  Hydralisk Den  
  47  5:23  Zergling x2  
  47  5:26  Zergling x2  
  49  5:30  Drone  
  49  5:32  Drone  
  49  5:34  Drone  
  52  5:36  Drone  
  52  5:38  Drone  
  52  5:41  Drone  
  56  5:42  Drone  
  56  5:45  Hydralisk  
  56  5:46  Drone  
  56  5:49  Hydralisk  
  61  5:52  Drone  
  61  5:54  Drone  
  61  5:56  Drone  
  61  5:57  Drone  
  65  5:58  Drone  
  67  6:04  Drone x2  
  68  6:11  Infestor, Overlord  
  68  6:12  Drone  
  68  6:15  Roach  
  68  6:16  Roach  
  75  6:29  Infestor, Overlord  
  75  6:30  Roach  
  75  6:32  Roach  
  81  6:42  Extractor  
  81  6:44  Spine Crawler  
  81  6:45  Drone  
  81  6:46  Ravager  
  81  6:47  Extractor  
  81  6:48  Drone  
  81  6:50  Roach, Overlord  
  83  6:58  Drone, Spine Crawler  
  83  7:04  Drone  
  83  7:05  Drone  
  85  7:09  Drone  
  85  7:10  Drone x2, Overlord  
  88  7:16  Overseer  
  88  7:19  Hydralisk  
  83  7:33  Hydralisk  
  83  7:35  Zergling x2  
  83  7:36  Spore Crawler  
  80  7:37  Spore Crawler  
  80  7:39  Zergling x2, Infestor  
  81  7:49  Hatchery  
  81  7:50  Roach  
  79  7:53  Roach  
  78  7:59  Zergling x2, Infestor  
  78  8:03  Hydralisk  
  78  8:04  Drone  
  80  8:06  Zergling x2  
  80  8:08  Hydralisk  
  81  8:14  Hydralisk  
  81  8:19  Hydralisk  
  83  8:23  Roach  
  83  8:26  Roach  
  85  8:29  Zergling x2  
  85  8:32  Infestor  
  85  8:35  Zergling x2  
  83  8:45  Hydralisk  
  83  8:46  Ravager  
  88  8:48  Roach  
  88  8:55  Ravager  
  89  8:57  Roach  
  89  9:01  Queen  
  89  9:02  Drone x4  
  97  9:03  Drone x4, Overlord  
  97  9:04  Drone  
  97  9:06  Extractor  
  101  9:11  Drone  
  101  9:12  Drone  
  101  9:14  Drone  
  101  9:16  Extractor  
  103  9:18  Hydralisk, Infestor  
  103  9:19  Drone  
  103  9:22  Drone, Overlord  
  103  9:23  Drone, Roach  
  113  9:24  Drone  
  113  9:25  Drone  
  113  9:29  Baneling Nest  
  113  9:32  Drone  
  113  9:35  Drone  
  113  9:36  Drone  
  116  9:43  Overlord  
  117  9:45  Drone  
  117  9:47  Drone  
  117  9:50  Zergling x2  
  117  9:51  Zergling x4, Lurker Den  
  120  9:54  Zergling x4, Drone x2  
  120  9:57  Drone  
  120  9:58  Drone  
  116  10:05  Roach  
  96  10:08  Roach  
  96  10:09  Roach  
  83  10:15  Baneling, Zergling x2  
  83  10:18  Roach  
  83  10:20  Zergling x2, Queen  
  83  10:21  Zergling x2, Drone  
  83  10:22  Zergling x2, Drone, Infestor  
  83  10:23  Zergling x2  
  83  10:26  Hydralisk  
  92  10:30  Zergling x2  
  92  10:31  Hydralisk  
  93  10:37  Roach  
  93  10:39  Hydralisk  
  93  10:40  Zergling x2, Roach, Infestor  
  93  10:42  Baneling x2, Roach  
  97  10:48  Baneling x2, Drone  
  94  10:50  Hydralisk  
  94  10:51  Zergling x2, Roach  
  94  10:52  Zergling x2  
  94  10:53  Spine Crawler, Roach  
  98  10:59  Roach  
  98  11:03  Roach  
  95  11:10  Roach  
  87  11:11  Drone  
  87  11:12  Drone, Roach  
  87  11:13  Drone  
  69  11:20  Zergling x2, Roach x2  
  69  11:21  Zergling x2  
  69  11:25  Hydralisk  
  68  11:32  Roach  
  67  11:34  Ravager  
  67  11:36  Roach  
  67  11:39  Hatchery  
  65  11:40  Baneling x2  
  65  11:43  Zergling x2, Drone  
  65  11:44  Roach  
  65  11:47  Roach  
  65  11:48  Infestor  
  65  11:49  Zergling x2  
  65  11:53  Drone  
  32  12:32  Zergling x2  
  24  12:39  Drone  
  24  12:43  Drone  
  17  12:48  Zergling x2, Drone  
Tags
 
Composition
MMM Bio
Matchup
TvZ
Opening
Pool First
Spawn Locations
Cross Positions
Add a new tag
Caveats
  • Supply blocks, unpowered buildings, or Contaminate may cause inaccurate times.
  • Supply counts are checked every 10 seconds.